 Dungeon Crawl Stone Soup version 0.28-b1-1-g3c77fb2ed1 (webtiles) character file.

Game seed: 2913771037316871144

204 Minsecho the Chopper (level 5, -7/47 HPs)
             Began as a Hill Orc Fighter on Jan 29, 2022.
             Succumbed to a water moccasin's poison
             ... on level 3 of the Dungeon.
             The game lasted 00:03:29 (2481 turns).

Minsecho the Chopper (Hill Orc Fighter)             Turns: 2481, Time: 00:03:30

Health: -7/47      AC:  7    Str: 19    XL:     5   Next: 82%
Magic:  5/5        EV:  9    Int: 10    God:
Gold:   109        SH:  4    Dex: 10    Spells: 4/4 levels left

rFire   . . .      SeeInvis .   a - +0 war axe
rCold   . . .      Faith    .   c - +0 buckler
rNeg    . . .      Spirit   .   b - +0 scale mail
rPois   .          Reflect  .   (no helmet)
rElec   .          Harm     .   (no cloak)
rCorr   .          Rampage  .   (no gloves)
Will    .....                   (no boots)
Stlth   ..........              (no amulet)
HPRegen 0.15/turn               (no ring)
MPRegen 0.09/turn               (no ring)

@: lethally poisoned (-7 -> -38)
A: no striking features
a: no special abilities


You were on level 3 of the Dungeon.
You visited 1 branch of the dungeon, and saw 3 of its levels.
You also visited: Sewer.

You collected 109 gold pieces.

Inventory:

Hand Weapons
 a - a +0 war axe (weapon)
Armour
 b - a +0 scale mail (worn)
 c - a +0 buckler (worn)
Scrolls
 e - a scroll of enchant armour {unknown}
 f - a scroll of silence {unknown}
 h - a scroll of teleportation {unknown}
 i - a scroll of fog {unknown}
 j - a scroll of amnesia {unknown}
 k - a scroll of magic mapping {unknown}
 l - 3 scrolls of identify {unknown}
 m - a scroll of holy word {unknown}
Potions
 g - a potion of berserk rage {unknown}
 o - a potion of ambrosia {unknown}
 p - 3 potions of flight


   Skills:
 + Level 4.4 Fighting
 + Level 5.2 Axes
 + Level 4.3 Armour
 + Level 1.0 Dodging
 + Level 0.2 Stealth
 + Level 3.9 Shields


You had 4 spell levels left.
You didn't know any spells.
Your spell library contained the following spells:

 Spells                   Type           Power      Damage    Failure   Level
 Magic Dart               Conj           0%         1d3       82%         1
 Searing Ray              Conj           0%         2d4       91%         2
 Fulminant Prism          Conj/Hex       0%         3d6       100%        4


Dungeon Overview and Level Annotations

Branches:
Dungeon (3/15)              Sewer (visited)

Altars:


Message History

The water moccasin misses you.
The water moccasin bites you but does no damage.
You closely miss the water moccasin.
The water moccasin is severely wounded.
The water moccasin bites you.
* * * LOW HITPOINT WARNING * * *
You are lethally poisoned!
The water moccasin poisons you! The water moccasin barely misses you.
You aren't carrying any items that you can evoke.
You feel much better.
You feel very sick. The water moccasin misses you.
The water moccasin bites you.
You closely miss the water moccasin.
The water moccasin is severely wounded.
You feel very sick.
The water moccasin bites you but does no damage.
You hit the water moccasin.
The water moccasin is almost dead.
You feel very sick. The water moccasin barely misses you.
The water moccasin bites you.
You are lethally poisoned!
The water moccasin poisons you!
You closely miss the water moccasin.
The water moccasin is almost dead.
You feel very sick. You block the water moccasin's attack.
The water moccasin bites you but does no damage.
You miss the water moccasin.
The water moccasin is almost dead.
* * * LOW HITPOINT WARNING * * *
You feel very sick. The water moccasin bites you.
* * * LOW HITPOINT WARNING * * *
The water moccasin bites you.
* * * LOW HITPOINT WARNING * * *
You are more poisoned.
The water moccasin poisons you!
You miss the water moccasin.
The water moccasin is almost dead.
You die...

#. #.#....#
#. #.#....#
#.
#.#....###.##
##
#.#.........#
#.#....###..#
#.####...# #
###.# #.# #@#
#.....S...#
#............
#.........###
#.........#
#.........#
#..........
############


You could see a water moccasin.

Vanquished Creatures
  2 kobold brigands (Sewer)
  An adder (D:2)
  2 endoplasms
  5 giant cockroaches
  5 goblins
  9 jackals
  5 quokkas
  2 ball pythons (D:2)
  4 bats
  2 frilled lizards
  6 kobolds
  9 rats
52 creatures vanquished.

Vanquished Creatures (others)
  4 toadstools (D:1)
4 creatures vanquished.

Grand Total: 56 creatures vanquished

Notes
Turn   | Place    | Note
-------+----------+-------------------------------------------
     0 | D:1      | Minsecho the Hill Orc Fighter began the quest for the Orb.
     0 | D:1      | Reached XP level 1. HP: 19/19 MP: 1/1
   230 | D:1      | Reached XP level 2. HP: 27/27 MP: 2/2
   251 | D:1      | Found a faded altar of an unknown god.
   786 | D:2      | Reached XP level 3. HP: 33/33 MP: 3/3
   819 | D:2      | Reached skill level 3 in Axes
  1880 | D:3      | Found a glowing drain.
  1884 | Sewer    | Entered a sewer
  1926 | Sewer    | Noticed a kobold brigand
  1927 | Sewer    | Noticed a kobold brigand
  1951 | Sewer    | Killed a kobold brigand
  1952 | Sewer    | Reached skill level 4 in Axes
  1952 | Sewer    | Reached XP level 4. HP: 24/40 MP: 4/4
  1952 | Sewer    | Reached XP level 5. HP: 27/46 MP: 5/5
  2137 | Sewer    | Killed a kobold brigand
  2138 | Sewer    | Reached skill level 5 in Axes
  2138 | Sewer    | Reached skill level 1 in Dodging
  2360 | Sewer    | Found a glowing silver altar of Zin.
  2460 | D:3      | Noticed a water moccasin
  2480 | D:3      | HP: 2/47 [water moccasin (6)]
  2481 | D:3      | Succumbed to a water moccasin's poison

Illustrated notes

Levels and vault maps discovered:
D:1:      ldierk_walled_garden_2, layout_loops_cross,
          shapermc_ecumenical_altar_petra
D:2:      layout_basic
D:3:      minmay_roachtagon, layout_basic, trog_book, gup_sewer_entry_bowl

Skill      XL: |  1  2  3  4  5 |
---------------+----------------+-----
Fighting       | 4 |  4.4
Axes           | 4 5 |  5.2
Armour         | 4 |  4.3
Dodging        | 1 |  1.0
Stealth        | |  0.2
Shields        | |  3.9

Action                   |  1- 3 |  4- 6 || total
-------------------------+-------+-------++-------
Melee: War axe           |   147 |    47 ||   194
  Use: Potion            |     1 |     3 ||     4
Armor: Scale mail        |    72 |    25 ||    97
Dodge: Dodged            |    81 |    20 ||   101
Block: Buckler           |    36 |     6 ||    42
